Unix NetHack Version 3.7.0-53 Work-in-progress - last build Apr 4 2022 15:05:14 (0945cd16e85ecfe9c80600c62adfe552c28f66b8,branch:master). Game began 2022-04-07 17:46:18, ended 2022-04-07 18:16:08. spontiff, neutral male gnomish Healer --------- |.......| -------------- #-.......| |............. #|.......| |............| r# #######################--------------- ##|<..{...| |...>.F......rr##@r##### #|.............|### -------+- |............| # #|.......%.....|### -------------- #|.............|#0# #|......:......-# ##........>[....| #--------------- Spontiff the Rhizotomist St:7 Dx:10 Co:16 In:9 Wi:17 Ch:17 Neutral S:410 Dlvl:4 $:2114 HP:0(20) Pw:6(6) AC:8 Xp:1/0 T:1628 Weak Latest messages: Swapping: q - a +0 hooded cloak (being worn). You see here a hard hat. Pick an object. arghffs: unknown extended command. You see here a black gem. V - a black gem. What do you want to write with? [- kmCDMOSVW or ?*] V You write in the dust with a black gem. What do you want to write in the dust here? Never mind. What do you want to call? [cglmp-ru-xzCDGOSUV or ?*] V Call a black gem: a1 Where do you want to travel to? (For instructions type a '?') Pick an object. You are beginning to feel hungry. You see here a hard hat. T - a hard hat. You climb up the stairs. There is a lembas wafer here; eat it? [ynq] (n) n There is a tin here; eat it? [ynq] (n) y It is not so easy to open this tin. You stop opening the tin. X - a lembas wafer. Y - a tin. $ - 3 gold pieces. You descend the stairs. You see here a whistle. Z - a whistle. What do you want to use or apply? [msv-xSZ or ?*] Z You produce a high whistling sound. You are beginning to feel weak. What do you want to adjust? [cgk-mp-su-zCDGMOS-Z or ?*] Z Adjust letter to what [abd-fh-jnotABEFH-LNP-RZ] (? see used letters)? o Moving: o - a whistle. What do you want to call? [cglmo-ru-xzCDGOS-V or ?*] o Call a whistle: tin You climb up the stairs. The giant rat bites! The giant rat bites! The giant rat bites! The giant rat bites! The giant rat bites! arghffs: unknown extended command. What do you want to zap? [mS or ?*] m In what direction? . You bash yourself! You die... Do you want your possessions identified? [ynq] (y) y Do you want to see the dungeon overview? [ynq] (y) y Major events: Turn 1: spontiff the neutral male gnomish Healer entered the dungeon 1358: entered the Gnomish Mines 1628: zapped himself with a wand Inventory: Coins $ - 2114 gold pieces Weapons M - 35 uncursed +0 arrows W - 5 uncursed +0 darts k - an uncursed +0 scalpel (alternate weapon; not wielded) Armor T - a blessed +0 dwarvish iron helm g - an uncursed +1 pair of leather gloves (being worn) G - an uncursed +0 pair of levitation boots U - a blessed +0 dwarvish cloak q - an uncursed +0 dwarvish cloak (being worn) Comestibles y - an uncursed apple X - an uncursed lembas wafer Y - an uncursed tin of french fried gecko meat Scrolls p - a cursed scroll of confuse monster z - an uncursed scroll of identify u - an uncursed scroll of light l - an uncursed scroll of remove curse Spellbooks v - an uncursed spellbook of cure blindness Potions r - an uncursed potion of gain energy c - an uncursed potion of healing Wands S - an uncursed wand of sleep (0:6) m - an uncursed wand of striking (0:6) Tools w - an uncursed mirror s - an uncursed stethoscope x - an uncursed tallow candle o - an uncursed tin whistle Gems/Stones O - an uncursed fluorite stone V - an uncursed worthless piece of black glass C - 2 uncursed worthless pieces of violet glass D - an uncursed worthless piece of yellow glass Spontiff the Healer's attributes: Background: You were a Rhizotomist, a level 1 male gnomish Healer. You were neutral, on a mission for Hermes who was opposed by Athena (lawful) and Poseidon (chaotic). You were in the Dungeons of Doom, on level 4. You entered the dungeon 1628 turns ago. You had 0 experience points, 20 were needed to attain level 2. Your score was 410 before end-of-game adjustments. Basics: You had 0 out of 20 hit points. You had all 6 energy points (spell power). Your armor class was 8. Your wallet contained 2114 zorkmids. Autopickup was on for '$!/="?' plus thrown, with exceptions. Final Characteristics: Your strength was 7 (base:8, limit:18/50). Your dexterity was 10 (limit:18). Your constitution was 16 (limit:18). Your intelligence was 9 (limit:19). Your wisdom was 17 (limit:18). Your charisma was 17 (limit:18). Final Status: You were weak from severe hunger. You were unencumbered. You were empty handed. You were unskilled in bare handed combat. Final Attributes: You were devoutly aligned. You were poison resistant. You had infravision. You were warded. You are dead. Miscellaneous: You never encountered a bones level. Total elapsed playing time was 29 minutes and 50 seconds. Vanquished creatures: a dwarf a gas spore 2 hobbits 5 giant rats a yellow mold a gnome a gnome zombie 4 geckos 4 jackals a kobold a sewer rat 2 grid bugs 4 kobold zombies 5 newts 33 creatures vanquished. No species were genocided or became extinct. Voluntary challenges: You never hit with a wielded weapon. You were a pacifist. You were illiterate. You never engraved Elbereth. You never genocided any monsters. You never polymorphed an object. You never changed form. You used no wishes. Achievement: You entered the Gnomish Mines. The Dungeons of Doom: levels 1 to 5 Level 1: A fountain. Level 2: "vault; stashlet" Level 3: "magic trap" Level 4: <- You were here. A sink. Stairs down to The Gnomish Mines. Final resting place for you, zapped yourself with a wand. Level 5: The Gnomish Mines: levels 5 to 6 Level 5: Level 6: Game over: ---------- / \ / REST \ / IN \ / PEACE \ / \ | spontiff | | 2114 Au | | zapped himself | | with a wand | | | | | | 2022 | *| * * * | * _________)/\\_//(\/(/\)/\//\/|_)_______ Goodbye spontiff the Healer... You died in The Dungeons of Doom on dungeon level 4 with 394 points, and 2114 pieces of gold, after 1628 moves. You were level 1 with a maximum of 20 hit points when you died.